TOP OF THE 1ST |
Phoenix Hotspur batting - Pitching for Detroit Renaissance : LHP Ernest Torres
|
Pitching: LHP Ernest Torres
|
|
Batting: LHB Francisco García
|
0-0: Called Strike 0-1: SINGLE (Line Drive, 56D)
|
Batting: RHB Kyle Bywaters
|
0-0: Ball 1-0: Swinging Strike 1-1: Ball 2-1: Swinging Strike 2-2: Foul Ball, location: 2F 2-2: Ball 3-2: Foul Ball, location: 2F 3-2: Fly out, F4 (Popup, 4)
|
Batting: LHB Shojiro Ueda
|
0-0: Ball Francisco García steals 2nd base 1-0: Fly out, F7 (Flyball, 78D)
|
Batting: RHB Gabriel Pérez
|
0-0: Ball 1-0: Called Strike 1-1: SINGLE (Groundball, 34D) Francisco García to third Runner from 3rd tries for Home, SAFE, no throw
|
Batting: LHB Mario Cruz
|
0-0: Ball 1-0: Ball 2-0: Called Strike 2-1: Swinging Strike 2-2: Strikes out swinging
|
Top of the 1st over - 1 run(s), 2 hit(s), 0 error(s), 1 left on base; Phoenix 1 - Detroit 0 |
BOTTOM OF THE 1ST |
Detroit Renaissance batting - Pitching for Phoenix Hotspur : RHP Miguel Aguilar
|
Pitching: RHP Miguel Aguilar
|
|
Batting: RHB Bernardo Herrera
|
0-0: Ball 1-0: Ball 2-0: Called Strike 2-1: Swinging Strike 2-2: Strikes out swinging
|
Batting: LHB Eric Thackston
|
0-0: Called Strike 0-1: Ball 1-1: Foul Ball, location: 2F 1-2: Ball 2-2: Ball 3-2: Strikes out looking
|
Batting: RHB Nate Cates
|
0-0: Ball 1-0: Swinging Strike 1-1: Called Strike 1-2: Foul Ball, location: 2F 1-2: Ball 2-2: Ball 3-2: Strikes out swinging
|
Bottom of the 1st over - 0 run(s), 0 hit(s), 0 error(s), 0 left on base; Phoenix 1 - Detroit 0 |
TOP OF THE 2ND |
Phoenix Hotspur batting - Pitching for Detroit Renaissance : LHP Ernest Torres
|
Batting: RHB Randy Rehling
|
0-0: Ground out 5-3 (Groundball, 56)
|
Batting: LHB Rafael Sánchez
|
0-0: Ground out U3 (Groundball, 3)
|
Batting: RHB Ted Cook
|
0-0: Foul Ball, location: 2F 0-1: Ball 1-1: Ground out 1-3 (Groundball, P)
|
Top of the 2nd over - 0 run(s), 0 hit(s), 0 error(s), 0 left on base; Phoenix 1 - Detroit 0 |
BOTTOM OF THE 2ND |
Detroit Renaissance batting - Pitching for Phoenix Hotspur : RHP Miguel Aguilar
|
Batting: SHB Ryan Forrest
|
0-0: Ball 1-0: Called Strike 1-1: Swinging Strike 1-2: Strikes out swinging
|
Batting: RHB Ludwig Kluge
|
0-0: Ball 1-0: Called Strike 1-1: Foul Ball, location: 2F 1-2: SINGLE (Groundball, 3D)
|
Batting: RHB Brian Williams
|
0-0: Ball 1-0: Called Strike 1-1: Called Strike 1-2: 2-RUN HOME RUN (Flyball, 7D), Distance : 360 ft
|
Batting: LHB Ray Sears
|
0-0: Called Strike 0-1: Called Strike 0-2: Strikes out looking
|
Batting: LHB Cisco Padilla
|
0-0: Ball 1-0: Ball 2-0: Foul Ball, location: 2F 2-1: Foul Ball, location: 2F 2-2: Ball 3-2: Strikes out looking
|
Bottom of the 2nd over - 2 run(s), 2 hit(s), 0 error(s), 0 left on base; Phoenix 1 - Detroit 2 |
TOP OF THE 3RD |
Phoenix Hotspur batting - Pitching for Detroit Renaissance : LHP Ernest Torres
|
Batting: RHB Alex Niemann
|
0-0: Ball 1-0: Ball 2-0: Called Strike 2-1: Foul Ball, location: 2F 2-2: Ground out 5-3 (Groundball, 5S)
|
Batting: LHB Francisco García
|
0-0: Called Strike 0-1: SINGLE (Line Drive, 7S)
|
Batting: RHB Kyle Bywaters
|
0-0: Called Strike 0-1: Ball 1-1: Called Strike Francisco García steals 2nd base 1-2: Ground out 6-3 (Groundball, 6) Francisco García to third
|
Batting: LHB Shojiro Ueda
|
0-0: Foul Ball, location: 2F 0-1: Ball 1-1: Foul Ball, location: 2F 1-2: Foul Ball, location: 2F 1-2: Ball 2-2: Ball 3-2: SINGLE (Groundball, 34D) Francisco García scores
|
Batting: RHB Gabriel Pérez
|
Pickoff Throw to First - Out!
|
Top of the 3rd over - 1 run(s), 2 hit(s), 0 error(s), 0 left on base; Phoenix 2 - Detroit 2 |
BOTTOM OF THE 3RD |
Detroit Renaissance batting - Pitching for Phoenix Hotspur : RHP Miguel Aguilar
|
Batting: RHB Kenneth Noid
|
0-0: Swinging Strike 0-1: Ball 1-1: Ball 2-1: Foul Ball, location: 2F 2-2: Strikes out swinging
|
Batting: RHB Bernardo Herrera
|
0-0: Swinging Strike 0-1: SINGLE (Groundball, 56D)
|
Batting: LHB Eric Thackston
|
0-0: Ball 1-0: Ball Bernardo Herrera steals 2nd base 2-0: Called Strike 2-1: SINGLE (Groundball, 4MD) Bernardo Herrera to third Runner from 3rd tries for Home, SAFE, no throw
|
Batting: RHB Nate Cates
|
0-0: Called Strike 0-1: Called Strike 0-2: Ball 1-2: Fly out, F6 (Popup, 6D)
|
Batting: SHB Ryan Forrest
|
0-0: Ball 1-0: Ball 2-0: Fielders Choice at 2nd, 6-4 (Groundball, 6)
|
Bottom of the 3rd over - 1 run(s), 2 hit(s), 0 error(s), 0 left on base; Phoenix 2 - Detroit 3 |
TOP OF THE 4TH |
Phoenix Hotspur batting - Pitching for Detroit Renaissance : LHP Ernest Torres
|
Batting: RHB Gabriel Pérez
|
0-0: Foul Ball, location: 2F 0-1: Ball 1-1: Fly out, F7 (Flyball, 7)
|
Batting: LHB Mario Cruz
|
0-0: Ball 1-0: Foul Ball, location: 2F 1-1: Ground out U3 (Groundball, 34S)
|
Batting: RHB Randy Rehling
|
0-0: Ball 1-0: Foul Ball, location: 2F 1-1: Foul Ball, location: 2F 1-2: Ball 2-2: Foul Ball, location: 2F 2-2: Fly out, F7 (Flyball, 7)
|
Top of the 4th over - 0 run(s), 0 hit(s), 0 error(s), 0 left on base; Phoenix 2 - Detroit 3 |
BOTTOM OF THE 4TH |
Detroit Renaissance batting - Pitching for Phoenix Hotspur : RHP Miguel Aguilar
|
Batting: RHB Ludwig Kluge
|
0-0: Called Strike 0-1: SINGLE (Flyball, 89M)
|
Batting: RHB Brian Williams
|
0-0: Ball 1-0: Ball 2-0: Called Strike 2-1: Foul Ball, location: 2F 2-2: Grounds into double play, 4-6-3 (Groundball, 4)
|
Batting: LHB Ray Sears
|
0-0: Ball 1-0: Called Strike 1-1: Called Strike 1-2: Foul Ball, location: 2F 1-2: Ball 2-2: Foul Ball, location: 2F 2-2: Ground out 4-3 (Groundball, 4M)
|
Bottom of the 4th over - 0 run(s), 1 hit(s), 0 error(s), 0 left on base; Phoenix 2 - Detroit 3 |
TOP OF THE 5TH |
Phoenix Hotspur batting - Pitching for Detroit Renaissance : LHP Ernest Torres
|
Batting: LHB Rafael Sánchez
|
0-0: Called Strike 0-1: Ball 1-1: Swinging Strike 1-2: Ball 2-2: Foul Ball, location: 2F 2-2: Foul Ball, location: 2F 2-2: Foul Ball, location: 2F 2-2: Strikes out looking
|
Batting: RHB Ted Cook
|
0-0: Called Strike 0-1: Ground out U3 (Groundball, 34S)
|
Batting: RHB Alex Niemann
|
0-0: Ball 1-0: Foul Ball, location: 2F 1-1: Ball 2-1: SOLO HOME RUN (Flyball, 89XD), Distance : 395 ft
|
Batting: LHB Francisco García
|
0-0: Ball 1-0: Ball 2-0: Called Strike 2-1: Ball 3-1: Fly out, F6 (Line Drive, 6D)
|
Top of the 5th over - 1 run(s), 1 hit(s), 0 error(s), 0 left on base; Phoenix 3 - Detroit 3 |
BOTTOM OF THE 5TH |
Detroit Renaissance batting - Pitching for Phoenix Hotspur : RHP Miguel Aguilar
|
Batting: LHB Cisco Padilla
|
0-0: Called Strike 0-1: Ball 1-1: DOUBLE (Line Drive, 89XD)
|
Batting: RHB Kenneth Noid
|
0-0: Called Strike 0-1: Ball 1-1: Ball 2-1: Called Strike 2-2: Ball 3-2: Foul Ball, location: 2F 3-2: Foul Ball, location: 2F 3-2: Fly out, F7 (Flyball, 78S)
|
Batting: RHB Bernardo Herrera
|
0-0: Ground out 4-3 (Groundball, 4) Cisco Padilla to third
|
Batting: LHB Eric Thackston
|
0-0: Ground out 4-3 (Groundball, 34D)
|
Bottom of the 5th over - 0 run(s), 1 hit(s), 0 error(s), 1 left on base; Phoenix 3 - Detroit 3 |
TOP OF THE 6TH |
Phoenix Hotspur batting - Pitching for Detroit Renaissance : LHP Ernest Torres
|
Batting: RHB Kyle Bywaters
|
0-0: SINGLE (Groundball, 4MD)
|
Batting: LHB Shojiro Ueda
|
0-0: Called Strike 0-1: Swinging Strike 0-2: Fly out, F9 (Flyball, 9S)
|
Batting: RHB Gabriel Pérez
|
0-0: Called Strike 0-1: Grounds into double play, 5-4-3 (Groundball, 5D)
|
Top of the 6th over - 0 run(s), 1 hit(s), 0 error(s), 0 left on base; Phoenix 3 - Detroit 3 |
BOTTOM OF THE 6TH |
Detroit Renaissance batting - Pitching for Phoenix Hotspur : RHP Miguel Aguilar
|
Batting: RHB Nate Cates
|
0-0: Called Strike 0-1: Foul Ball, location: 2F 0-2: Ball 1-2: Ball 2-2: Fly out, F3 (Popup, 3L)
|
Batting: SHB Ryan Forrest
|
0-0: Ball 1-0: Fly out, F7 (Flyball, 78D)
|
Batting: RHB Ludwig Kluge
|
0-0: Foul Ball, location: 2F 0-1: SINGLE (Line Drive, 5D)
|
Batting: RHB Brian Williams
|
0-0: Ball Ludwig Kluge steals 2nd base 1-0: Called Strike 1-1: Swinging Strike 1-2: Foul Ball, location: 2F 1-2: Strikes out swinging
|
Bottom of the 6th over - 0 run(s), 1 hit(s), 0 error(s), 1 left on base; Phoenix 3 - Detroit 3 |
TOP OF THE 7TH |
Phoenix Hotspur batting - Pitching for Detroit Renaissance : LHP Ernest Torres
|
Batting: LHB Mario Cruz
|
0-0: Ball 1-0: Ball 2-0: Called Strike 2-1: Called Strike 2-2: Ground out 4-3 (Groundball, 4)
|
Batting: RHB Randy Rehling
|
0-0: Called Strike 0-1: SINGLE (Groundball, 4D)
|
Batting: LHB Rafael Sánchez
|
0-0: Foul Ball, location: 2F 0-1: Ball 1-1: Ball 2-1: Ball 3-1: Foul Ball, location: 2F 3-2: Foul Ball, location: 2F 3-2: DOUBLE (Line Drive, 8RD) Randy Rehling to third
|
Batting: RHB Ted Cook
|
0-0: Ball 1-0: Foul Ball, location: 2F 1-1: Called Strike 1-2: SINGLE (Flyball, 78S) Randy Rehling scores Rafael Sánchez to third Runner from 3rd tries for Home, SAFE, throw made home Ted Cook to second
|
Batting: RHB Alex Niemann
|
0-0: Ball 1-0: Called Strike 1-1: SINGLE (Groundball, 56D) Ted Cook to third Runner from 3rd tries for Home, SAFE, throw made home Alex Niemann to second
|
Pitching: RHP Eduardo Molina
|
|
Batting: LHB Francisco García
|
0-0: Fly out, F7 (Flyball, 7LSF)
|
Batting: RHB Kyle Bywaters
|
0-0: Ball 1-0: SINGLE (Groundball, 34D) Alex Niemann to third Runner from 3rd tries for Home, SAFE, no throw
|
Batting: LHB Shojiro Ueda
|
0-0: Ball 1-0: Called Strike Kyle Bywaters steals 2nd base 1-1: Called Strike 1-2: Ball 2-2: Ground out 6-3 (Groundball, 6D)
|
Top of the 7th over - 4 run(s), 5 hit(s), 0 error(s), 1 left on base; Phoenix 7 - Detroit 3 |
BOTTOM OF THE 7TH |
Detroit Renaissance batting - Pitching for Phoenix Hotspur : RHP Miguel Aguilar
|
Batting: LHB Ray Sears
|
0-0: Ball 1-0: Ball 2-0: SINGLE (Line Drive, 6MD)
|
Batting: LHB Cisco Padilla
|
0-0: Called Strike 0-1: Ball 1-1: Foul Ball, location: 2F 1-2: Foul Ball, location: 2F 1-2: Foul Ball, location: 2F 1-2: Fly out, F9 (Flyball, 9LSF)
|
Batting: RHB Kenneth Noid
|
0-0: Ball 1-0: Ball 2-0: Called Strike 2-1: Ball 3-1: Swinging Strike 3-2: Strikes out swinging
|
Batting: RHB Bernardo Herrera
|
0-0: Ball 1-0: Foul Ball, location: 2F 1-1: Ball 2-1: Foul Ball, location: 2F 2-2: Foul Ball, location: 2F 2-2: Fly out, F9 (Flyball, 89S)
|
Bottom of the 7th over - 0 run(s), 1 hit(s), 0 error(s), 1 left on base; Phoenix 7 - Detroit 3 |
TOP OF THE 8TH |
Phoenix Hotspur batting - Pitching for Detroit Renaissance : RHP Eduardo Molina
|
Batting: RHB Gabriel Pérez
|
0-0: Ball 1-0: Called Strike 1-1: Ball 2-1: Ground out 5-3 (Groundball, 56S)
|
Batting: LHB Mario Cruz
|
0-0: Ball 1-0: Called Strike 1-1: Called Strike 1-2: Ball 2-2: Ball 3-2: Strikes out swinging
|
Batting: RHB Randy Rehling
|
0-0: Fly out, F4 (Line Drive, 4)
|
Top of the 8th over - 0 run(s), 0 hit(s), 0 error(s), 0 left on base; Phoenix 7 - Detroit 3 |
BOTTOM OF THE 8TH |
Detroit Renaissance batting - Pitching for Phoenix Hotspur : RHP Miguel Aguilar
|
Batting: LHB Eric Thackston
|
0-0: Ground out U3 (Groundball, 34)
|
Batting: RHB Nate Cates
|
0-0: Called Strike 0-1: Ball 1-1: Ball 2-1: Swinging Strike 2-2: Strikes out swinging
|
Batting: SHB Ryan Forrest
|
0-0: Ball 1-0: Fly out, F8 (Flyball, 78M)
|
Bottom of the 8th over - 0 run(s), 0 hit(s), 0 error(s), 0 left on base; Phoenix 7 - Detroit 3 |
TOP OF THE 9TH |
Phoenix Hotspur batting - Pitching for Detroit Renaissance : RHP Eduardo Molina
|
Batting: LHB Rafael Sánchez
|
0-0: Ball 1-0: Ball 2-0: Ball 3-0: Base on Balls
|
Batting: RHB Ted Cook
|
0-0: Bunted foul 0-1: Bunt missed! 0-2: Ball 1-2: Ball 2-2: Ball Rafael Sánchez is caught stealing 2nd base 3-2: SINGLE (Groundball, 6MD)
|
Batting: RHB Alex Niemann
|
0-0: Fielders Choice at 2nd, 4-6 (Groundball, 4M)
|
Batting: LHB Francisco García
|
0-0: Ball 1-0: Ball 2-0: Called Strike 2-1: Ground out U3 (Groundball, 3)
|
Top of the 9th over - 0 run(s), 1 hit(s), 0 error(s), 1 left on base; Phoenix 7 - Detroit 3 |
BOTTOM OF THE 9TH |
Detroit Renaissance batting - Pitching for Phoenix Hotspur : RHP Miguel Aguilar
|
Pitching: RHP Mitchell Atwell
|
|
Batting: RHB Ludwig Kluge
|
0-0: Called Strike 0-1: Ball 1-1: Ground out 4-3 (Groundball, 4M)
|
Batting: RHB Brian Williams
|
0-0: Ball 1-0: Ground out 6-3 (Groundball, 56)
|
Batting: LHB Ray Sears
|
0-0: Ground out 4-3 (Groundball, 4M)
|
Bottom of the 9th over - 0 run(s), 0 hit(s), 0 error(s), 0 left on base; Phoenix 7 - Detroit 3 |
|